 Dungeon Crawl Stone Soup version 0.29-a0-885-gb26ba3297d (webtiles) character file.

Game seed: 3366970485946994273

19 oldmanjim the Trooper (level 2, 27/27 HPs)
             Began as a Hill Orc Fighter on July 20, 2022.
             Was a Follower of Qazlal.
             Quit the game on level 1 of the Dungeon.
             The game lasted 00:02:28 (606 turns).

oldmanjim the Trooper (Hill Orc Fighter)             Turns: 606, Time: 00:02:29

Health: 27/27      AC:  8    Str: 18    XL:     2   Next: 75%
Magic:  2/2        EV:  9    Int:  8    God:    Qazlal [*.....]
Gold:   43         SH:  6    Dex: 10    Spells: 1/1 levels left

rFire   . . .      SeeInvis .   a - +0 war axe
rCold   . . .      Faith    .   c - +0 buckler
rNeg    . . .      Spirit   .   b - +0 scale mail
rPois   .          Reflect  .   (no helmet)
rElec   .          Harm     .   f - +0 cloak
rCorr   .          Rampage  .   (no gloves)
Will    .....                   (no boots)
Stlth   ..........              (no amulet)
HPRegen 0.09/turn               (no ring)
MPRegen 0.08/turn               (no ring)

@: no status effects
A: no striking features
a: Renounce Religion


You were on level 1 of the Dungeon.
You worshipped Qazlal.
Qazlal was aware of your devotion.
You visited 1 branch of the dungeon, and saw 1 of its levels.

You collected 43 gold pieces.

Inventory:

Hand Weapons
 a - a +0 war axe (weapon)
Missiles
 g - 11 stones (quivered)
 n - 2 poisoned darts
Armour
 b - a +0 scale mail (worn)
 c - a +0 buckler (worn)
 f - a +0 cloak (worn)
Scrolls
 e - a scroll of noise {unknown}
 i - 3 scrolls of fog {unknown}
 j - 2 scrolls of identify {unknown}
 k - a scroll of blinking {unknown}
 l - a scroll of poison {unknown}
 m - a scroll of acquirement {unknown}
 o - a scroll of immolation {unknown}
Potions
 d - a potion of might
 h - 2 potions of heal wounds {unknown}


   Skills:
 + Level 3.9 Fighting
 + Level 3.1 Axes
 - Level 3.3 Armour
 * Level 3.8 Shields


You had one spell level left.
You didn't know any spells.
Your spell library contained the following spells:

 Spells                   Type           Power      Damage    Failure   Level
 Ensorcelled Hibernation  Hex/Ice        0%         N/A       95%         2
 Passwall                 Tmut/Erth      0%         N/A       95%         2
 Swiftness                Air            0%         N/A       99%         3


Dungeon Overview and Level Annotations

Branches:
Dungeon (1/15)

Altars:
Qazlal

Shops:
D:1 !


Message History

Found 12 gold pieces.
The endoplasm quivers.
You block the endoplasm's attack.
You slash the endoplasm!
You kill the endoplasm!
Qazlal accepts your kill. You block the goblin's attack.
You hit the endoplasm but do no damage. You barely miss the goblin.
The endoplasm is engulfed in freezing vapours.
You kill the endoplasm!
Qazlal accepts your kill. The goblin hits you with a +0 club.
You hit the goblin.
The goblin is severely wounded.
The goblin hits you but does no damage.
You barely miss the goblin.
The goblin is severely wounded.
The goblin barely misses you. The goblin hits you but does no damage.
You slash the goblin!
You kill the goblin!
Qazlal accepts your kill.
No target in view!
No target in view!
You see here a +1 dagger of speed.
You now have 27 gold pieces (gained 12).
A hobgoblin comes into view.
The hobgoblin shouts!
The hobgoblin hits you but does no damage.
You closely miss the hobgoblin. The hobgoblin hits you.
You closely miss the hobgoblin. The hobgoblin barely misses you.
You block the hobgoblin's attack.
You slash the hobgoblin!
You kill the hobgoblin!
Qazlal accepts your kill.
No target in view!
No target in view!
You now have 43 gold pieces (gained 16).
Found a stone staircase leading down.
Unknown command.
Are you sure you want to abandon this character and quit the game? (Confirm with "yes".)

......#......##
##..##....# #.#
#...........##
##..######.# ###.#
#.........## ##..##.#
#.###.#.#
###...<...#####..###.#
#.##....#
####.....####...## #.#
#.###†###
..###...###...### #.#
#.....#
#...........###> #.#
#####.#
###############.####.#
#.# .......@....# #.#
##.#######.## #.# #.#
#.# #.# #.#
#.#########.#
#...........
###.######## #.# #.#


There were no monsters in sight!

Vanquished Creatures
  2 ball pythons (D:1)
  3 bats (D:1)
  3 endoplasms (D:1)
  3 goblins (D:1)
  2 hobgoblins (D:1)
  A frilled lizard (D:1)
  A kobold (D:1)
  3 rats (D:1)
18 creatures vanquished.

Notes
Turn   | Place    | Note
-------+----------+-------------------------------------------
     0 | D:1      | oldmanjim the Hill Orc Fighter began the quest for the Orb.
     0 | D:1      | Reached XP level 1. HP: 19/19 MP: 1/1
   117 | D:1      | Found a faded altar of an unknown god.
   123 | D:1      | Prayed at the altar of an unknown god.
   123 | D:1      | Became a worshipper of Qazlal Stormbringer
   123 | D:1      | Reached * piety under Qazlal
   163 | D:1      | Reached XP level 2. HP: 27/27 MP: 2/2
   292 | D:1      | Found Kenkatum's Distillery.
   606 | D:1      | Quit the game

Illustrated notes

Levels and vault maps discovered:
D:1:      dpeg_arrival_central, layout_loops_ring,
          hellmonk_ecumenical_altar_pennies_from_heaven, serial_shops,
          nicolae_shop_waterfront

Skill      XL: |  1  2 |
---------------+-------+-----
Axes           | 3 |  3.1
Fighting       | |  3.9
Armour         | |  3.3
Shields        | |  3.8

Action                   || total
-------------------------++-------
Melee: War axe           ||    47
Armor: Scale mail        ||    27
Dodge: Dodged            ||    20
Block: Buckler           ||    18

Table legend: (Time is in decaauts)
 A = Elapsed time spent in this place.
 B = Non-inter-level travel time spent in this place.
 C = Inter-level travel time spent in this place.
 D = Time resting spent in this place.
 E = Time spent auto-exploring this place.
 F = Levels seen in this place.
 G = Mean time per level.
                   A        B        C        D        E       F      G
               +--------+--------+--------+--------+--------+-----+--------+
         Total |    625 |    625 |      0 |      0 |    482 |   1 |  625.0 |
       Dungeon |    625 |    625 |      0 |      0 |    482 |   1 |  625.0 |
               +--------+--------+--------+--------+--------+-----+--------+

Top non-repeatable levels by time:
     D:1: 625 daAuts
